 Dungeon Crawl Stone Soup version 0.29.1-15-g9cfb28693d (webtiles) character file.

Game seed: 8631420649236573498

795 nightchill the Ruffian (level 7, -5/71 HPs)
             Began as a Troll Monk on Feb 28, 2023.
             Was a Priest of Makhleb.
             Slain by a gnoll sergeant
             ... wielding a +0 trident
              (7 damage)
             ... on level 6 of the Dungeon.
             The game lasted 00:07:22 (4049 turns).

nightchill the Ruffian (Troll Monk)                 Turns: 4049, Time: 00:07:23

Health: -5/71      AC:  5    Str: 22    XL:     7   Next: 58%
Magic:  7/7        EV: 10    Int:  6    God:    Makhleb [***...]
Gold:   204        SH:  0    Dex: 12    Spells: 6/6 levels left

rFire   + . .      SeeInvis .     - Unarmed
rCold   + . .      Faith    .   (no shield)
rNeg    . . .      Spirit   .   o - +1 robe {rF+}
rPois   .          Reflect  .   (helmet restricted)
rElec   .          Harm     .   (no cloak)
rCorr   .          Rampage  .   (gloves unavailable)
Will    +....                   (boots unavailable)
Stlth   ++........              (no amulet)
HPRegen 1.01/turn               d - ring of willpower
MPRegen 0.10/turn               l - ring of protection from cold

@: no status effects
A: large, unfitting armour, claws 3, regeneration 1, shaggy fur 1, tough skin 1
a: Renounce Religion, Minor Destruction, Lesser Servant of Makhleb


You were on level 6 of the Dungeon.
You worshipped Makhleb.
Makhleb was most pleased with you.
You visited 1 branch of the dungeon, and saw 6 of its levels.

You collected 204 gold pieces.

Inventory:

Hand Weapons
 g - a +1 sling of flaming
Armour
 o - a +1 robe of fire resistance (worn)
Jewellery
 d - a ring of willpower (left claw)
 l - a ring of protection from cold (right claw)
 m - a ring of wizardry
 r - an amulet of guardian spirit
Wands
 v - a wand of digging (1)
Scrolls
 c - a scroll of silence {unknown}
 f - 2 scrolls of teleportation {unknown}
 h - 2 scrolls of brand weapon {unknown}
 j - a scroll of butterflies {unknown}
 n - 3 scrolls of enchant weapon {unknown}
 q - 2 scrolls of identify {unknown}
 s - a scroll of blinking {unknown}
 u - a scroll of amnesia {unknown}
Potions
 a - a potion of heal wounds {unknown}
 b - a potion of ambrosia
 e - 3 potions of brilliance
 i - 2 potions of resistance {unknown}
 k - 2 potions of curing {unknown}
 p - a potion of berserk rage {unknown}
 t - a potion of might {unknown}


   Skills:
 + Level 4.4 Fighting
 - Level 2.4 Dodging
 - Level 1.0 Stealth
 * Level 7.2 Unarmed Combat
 + Level 2.5 Invocations


You had 6 spell levels left.
You didn't know any spells.
Your spell library contained the following spells:

 Spells                   Type           Power      Damage    Failure   Level
 Sublimation of Blood     Necr           0%         N/A       58%         2
 Wereblood                Tmut           0%         N/A       58%         2
 Ignite Poison            Fire/Tmut/Pois 0%         N/A       83%         3
 Inner Flame              Hex/Fire       0%         N/A       83%         3
 Mephitic Cloud           Conj/Pois/Air  0%         N/A       83%         3
 Cause Fear               Hex            0%         N/A       99%         4
 Freezing Cloud           Conj/Ice/Air   0%         6-21      100%        5
 Summon Hydra             Summ           0%         N/A       100%        7
 Discord                  Hex            0%         N/A       100%        8


Dungeon Overview and Level Annotations

Branches:
Dungeon (6/15)
 Temple: D:4-7

Altars:
Kikubaaqudgha
Makhleb
Zin

Shops:
D:1 :   D:5 =


Innate Abilities, Weirdness & Mutations

You are too large for most types of armour.
You have claws for hands.
Your natural rate of healing is unusually fast.
You are covered in fur. (AC +1)
You have tough skin. (AC +1)


Message History

You closely miss the gnoll sergeant.
You claw the gnoll sergeant, but do no damage.
The gnoll sergeant misses you.
You claw the gnoll sergeant! Your claw misses the gnoll sergeant.
The gnoll sergeant is heavily wounded.
The gnoll sergeant hits you with a +0 trident!
You scratch the gnoll sergeant.
The gnoll sergeant is severely wounded.
The gnoll sergeant hits you with a +0 trident.
You barely miss the gnoll sergeant.
The gnoll sergeant is severely wounded.
You barely miss the gnoll sergeant.
The gnoll sergeant is severely wounded.
The gnoll sergeant hits you with a +0 trident!
* * * LOW HITPOINT WARNING * * *
You scratch the gnoll sergeant but do no damage.
The gnoll sergeant is severely wounded.
The gnoll sergeant hits you with a +0 trident!
* * * LOW HITPOINT WARNING * * *
You scratch the gnoll sergeant.
The gnoll sergeant is almost dead.
The gnoll sergeant hits you with a +0 trident!
* * * LOW HITPOINT WARNING * * *
Press: ? - help, v - describe, . - travel
Here: a gnoll sergeant, wielding a +0 trident and wearing a +0 scale mail (almost dead)
The floor, spattered with blood.
Press: ? - help, v - describe, . - travel
Here: a gnoll sergeant, wielding a +0 trident and wearing a +0 scale mail (almost dead)
The floor, spattered with blood.
Okay, then.
Unknown command.
You scratch the gnoll sergeant but do no damage.
The gnoll sergeant is almost dead.
The gnoll sergeant hits you with a +0 trident!
* * * LOW HITPOINT WARNING * * *
Okay, then.
You scratch the gnoll sergeant but do no damage.
The gnoll sergeant is almost dead.
The gnoll sergeant hits you with a +0 trident!
You die...

########
#......#
#.####.#######
### #.#
#.......# ..#
#.# #######.#
..# #.# #.#
..###.# #@#
..'...# #g#
..##### ..#
#.# .... #.#
#.... #.#
.[...# #..
..=.... ###
........


You could see a gnoll sergeant.

Vanquished Creatures
  A black bear (D:6)
  2 centaurs (D:5)
  A scorpion (D:4)
  A hound (D:5)
  An orc wizard (D:4)
  Natasha (thrice) (D:2)
  An iguana (D:2)
  Robin (D:2)
  11 gnolls
  10 adders
  3 worms
  14 orcs
  13 ball pythons
  4 bats (D:1)
  6 endoplasms
  2 giant cockroaches
  9 goblins
  10 hobgoblins
  5 jackals
  5 quokkas
  4 frilled lizards
  6 kobolds
  2 rats
115 creatures vanquished.

Notes
Turn   | Place    | Note
-------+----------+-------------------------------------------
     0 | D:1      | nightchill the Troll Monk began the quest for the Orb.
     0 | D:1      | Reached XP level 1. HP: 22/22 MP: 0/0
    70 | D:1      | Found Usack's Book Boutique.
   172 | D:1      | Reached XP level 2. HP: 29/29 MP: 1/1
   893 | D:2      | Reached XP level 3. HP: 26/36 MP: 2/2
   942 | D:2      | Reached skill level 4 in Unarmed Combat
  1009 | D:2      | Noticed Robin
  1037 | D:2      | Killed Robin
  1038 | D:2      | Reached XP level 4. HP: 21/45 MP: 3/3
  1388 | D:2      | Reached skill level 5 in Unarmed Combat
  1433 | D:2      | Reached XP level 5. HP: 53/53 MP: 4/4
  1478 | D:2      | Found an ancient bone altar of Kikubaaqudgha.
  1481 | D:2      | Noticed Natasha
  1488 | D:2      | Killed Natasha
  1576 | D:2      | Noticed Natasha
  1591 | D:2      | Killed Natasha
  1625 | D:2      | Noticed Natasha
  1635 | D:2      | Killed Natasha
  2041 | D:4      | Found a burning altar of Makhleb.
  2053 | D:4      | Became a worshipper of Makhleb the Destroyer
  2053 | D:4      | Reached * piety under Makhleb
  2053 | D:4      | Reached ** piety under Makhleb
  2188 | D:4      | Reached XP level 6. HP: 62/62 MP: 5/5
  2375 | D:4      | Reached skill level 6 in Unarmed Combat
  2375 | D:4      | Reached skill level 1 in Invocations
  3043 | D:5      | Entered Level 5 of the Dungeon
  3180 | D:5      | Reached XP level 7. HP: 38/70 MP: 7/7
  3218 | D:5      | Found Lakekhle's Jewellery Emporium.
  3411 | D:5      | Found a glowing silver altar of Zin.
  3541 | D:5      | Reached *** piety under Makhleb
  3983 | D:6      | Reached skill level 7 in Unarmed Combat
  4048 | D:6      | HP: 1/71 [gnoll sergeant/+0 trident (10)]
  4049 | D:6      | Slain by a gnoll sergeant

Illustrated notes

Levels and vault maps discovered:
D:1:      psy_arrival_fountain, layout_loops_corners, serial_shops, shop_statue
D:2:      layout_loops_ring, basic_altar, uniq_natasha, uniq_robin
D:3:      layout_basic
D:4:      layout_cave_pools, bloody_makhleb, kennysheep_diamond
D:5:      layout_basic, zin_academy, serial_shops, shop
D:6:      layout_basic, nicolae_ru_the_path_less_chosen, nicolae_sextant,
          uniq_eustachio, uniq_grinder

Skill      XL: |  1  2  3  4  5  6  7 |
---------------+----------------------+-----
Unarmed Combat | 4 5 6 7 |  7.2
Fighting       | 3 4 |  4.4
Invocations    | 1 2 |  2.5
Dodging        | |  2.4
Stealth        | |  1.0

Action                   |  1- 3 |  4- 6 |  7- 9 || total
-------------------------+-------+-------+-------++-------
Melee: Unarmed           |    87 |   190 |    44 ||   321
       Punch             |       |     9 |     2 ||    11
 Stab: Sleeping          |     4 |     6 |     1 ||    11
Armor: Robe              |    32 |    41 |     9 ||    82
Dodge: Dodged            |    57 |    85 |    12 ||   154
